 Dungeon Crawl Stone Soup version 0.27-a0-170-g607d9e9d85 (webtiles) character file.

Game seed: 6745135683355137070

196 shakesphere1979 the Conjurer (level 5, -2/30 HPs)
             Began as a Deep Elf Conjurer on Jan 27, 2021.
             Slain by a phantom (5 damage)
             ... on level 3 of the Dungeon on Jan 28, 2021.
             The game lasted 00:08:52 (2986 turns).

shakesphere1979 the Conjurer (Deep Elf Conjurer)    Turns: 2986, Time: 00:08:52

Health: -2/30      AC:  2    Str:  4    XL:     5   Next: 45%
Magic:  11/13      EV: 13    Int: 24    God:
Gold:   160        SH:  0    Dex: 13    Spells: 9/12 levels left

rFire    . . .     SeeInvis .   k - +0 short sword
rCold    . . .     Faith    .   (no shield)
rNeg     . . .     Spirit   .   a - +0 robe
rPois    .         Reflect  .   (no helmet)
rElec    .         Harm     .   (no cloak)
rCorr    .         Rampage  .   (no gloves)
Will     .....                  (no boots)
Stlth    ++........             (no amulet)
HPRegen  0.10/turn              (no ring)
MPRegen  0.13/turn              (no ring)

@: no status effects
A: no striking features
a: no special abilities


You were on level 3 of the Dungeon.
You visited 1 branch of the dungeon, and saw 3 of its levels.

You collected 160 gold pieces.

Inventory:

Hand Weapons
 k - a +0 short sword (weapon)
 l - a cursed -3 falchion
Missiles
 c - 16 poisoned darts
 p - 22 arrows
 r - 7 silver javelins
Armour
 a - a +0 robe (worn)
 h - a +0 buckler
Jewellery
 m - an uncursed ring of positive energy {unknown}
Scrolls
 b - a scroll of identify {unknown}
 d - a scroll of remove curse
 f - a scroll of enchant armour {unknown}
 g - 2 scrolls of noise {unknown}
 j - 2 scrolls of teleportation {unknown}
 n - a scroll of fear {unknown}
 q - a scroll of amnesia {unknown}
Potions
 e - a potion of curing {unknown}
 i - a potion of might {unknown}
 o - a potion of cancellation {unknown}
 s - a potion of brilliance {unknown}
 t - a potion of degeneration {unknown}


   Skills:
 + Level 1.7 Fighting
 + Level 3.7 Dodging
 + Level 3.9 Stealth
 + Level 4.3 Spellcasting
 + Level 5.1 Conjurations


You had 9 spell levels left.
You knew the following spells:

 Your Spells              Type           Power        Failure   Level
a - Magic Dart            Conj           100%         1%          1
b - Searing Ray           Conj           58%          1%          2

Your spell library contained the following spells:

 Spells                   Type           Power        Failure   Level
 Dazzling Flash           Conj/Hex       34%          10%         3
 Fulminant Prism          Conj/Hex       8%           32%         4
 Iskenderun's Mystic Bla  Conj/Tloc      17%          32%         4


Dungeon Overview and Level Annotations

Branches:
Dungeon (3/15)

Altars:
Gozag
Sif Muna


Message History

A worm is nearby!
There is an escape hatch in the floor here.
You start resting.
A worm is nearby!
A worm is nearby!
You start resting.
A phantom is nearby!
You open the large door.
The phantom blinks!
Found a shimmering blue altar of Sif Muna and an opulent altar of Gozag.
There is a large open door here.
You close the large door.
You start resting.
A phantom opens the door.
As you read the scroll labelled HIRICOY COKKOUQI, it crumbles to dust.
You feel blessed for a moment.
It was a scroll of remove curse.
The phantom hits you.
* * * LOW HITPOINT WARNING * * *
There is a large open door here.
The phantom hits you.
You die...

.........#
...........#
...........##
............
.............#
.............#
............#####
............>##8###
...).........@'._⌠#
..............W._⌠#
.........)...##8###
.......)....#####
.......).....# #
.......).....# .#
#######[#.#####.#
#[#.†.....#
#<####..###


You could see a phantom.

Vanquished Creatures
  3 orc wizards (D:3)
  A gnoll (D:3)
  An adder (D:2)
  2 oozes (D:3)
  A worm (D:2)
  4 leopard geckos
  7 orcs
  4 giant cockroaches
  7 hobgoblins
  6 jackals
  A ball python (D:2)
  8 bats
  7 frilled lizards
  3 goblins
  9 kobolds
  A leopard gecko skeleton (D:3)
  8 rats
73 creatures vanquished.

Notes
Turn   | Place    | Note
-------+----------+-------------------------------------------
     0 | D:1      | shakesphere1979 the Deep Elf Conjurer began the quest for
                  | the Orb.
     0 | D:1      | Reached XP level 1. HP: 10/10 MP: 6/6
   206 | D:1      | Reached XP level 2. HP: 16/16 MP: 4/8
   466 | D:1      | Learned a level 2 spell: Searing Ray
   805 | D:1      | Reached XP level 3. HP: 12/20 MP: 4/9
  1309 | D:2      | Found a faded altar of an unknown god.
  1314 | D:2      | Reached skill level 1 in Fighting
  1991 | D:3      | Reached XP level 4. HP: 25/25 MP: 7/11
  2136 | D:3      | Noticed a phantom
  2493 | D:3      | Reached skill level 5 in Conjurations
  2493 | D:3      | Reached XP level 5. HP: 29/29 MP: 7/13
  2920 | D:3      | Upgraded the game from 0.27-a0-148-g9515ab555c to
                  | 0.27-a0-170-g607d9e9d85
  2977 | D:3      | Found a shimmering blue altar of Sif Muna.
  2977 | D:3      | Found an opulent altar of Gozag.
  2986 | D:3      | Slain by a phantom

Illustrated notes

Levels and vault maps discovered:
D:1:      amcnicky_arrival_feature_with_door, layout_loops_ring,
          minmay_pentomino_z2
D:2:      layout_basic, chequers_ecumenical_altar_island
D:3:      lemuel_castle_with_subvaults [lemuel_castle_interior_carwin_1],
          layout_basic, gammafunk_temple_overflow_wave, dk_yredelemnul_ordeal,
          uniq_robin

Skill      XL: |  1  2  3  4 |
---------------+-------------+-----
Stealth        | 3 |  3.9
Dodging        | 3 |  3.7
Fighting       | 1 |  1.7
Spellcasting   | 4 |  4.3
Conjurations   | 5 |  5.1

Action                   |  1- 3 |  4- 6 || total
-------------------------+-------+-------++-------
Melee: Unarmed           |     9 |       ||     9
       Short sword       |    11 |     6 ||    17
 Cast: Magic Dart        |    65 |    24 ||    89
       Searing Ray       |     3 |     5 ||     8
  Use: Scroll            |       |     1 ||     1
 Stab: Sleeping          |     1 |       ||     1
Armor: Robe              |     7 |     3 ||    10
Dodge: Dodged            |    33 |    15 ||    48

Table legend: (Time is in decaauts)
 A = Elapsed time spent in this place.
 B = Non-inter-level travel time spent in this place.
 C = Inter-level travel time spent in this place.
 D = Time resting spent in this place.
 E = Time spent auto-exploring this place.
 F = Levels seen in this place.
 G = Mean time per level.
                   A        B        C        D        E       F      G
               +--------+--------+--------+--------+--------+-----+--------+
         Total |   3008 |   2957 |     51 |    837 |   1493 |   3 | 1002.7 |
       Dungeon |   3008 |   2957 |     51 |    837 |   1493 |   3 | 1002.7 |
               +--------+--------+--------+--------+--------+-----+--------+

Top non-repeatable levels by time:
     D:1: 1246 daAuts
     D:2: 1183 daAuts
     D:3: 578 daAuts
